 Dungeon Crawl Stone Soup version 0.29-a0-284-gf9362112df (webtiles) character file.

Game seed: 11200981583897018766

2 spaghetti the Sneak (level 1, -2/15 HPs)
             Began as a Deep Dwarf Enchanter on Mar 22, 2022.
             Was an Initiate of Ru.
             Slain by a black bear (3 damage)
             ... on level 4 of the Dungeon.
             The game lasted 00:01:43 (500 turns).

spaghetti the Sneak (Deep Dwarf Enchanter)           Turns: 500, Time: 00:01:43

Health: -2/15      AC:  3    Str: 11    XL:     1   Next: 25%
Magic:  3/3        EV: 12    Int: 15    God:    Ru [......]
Gold:   11         SH:  0    Dex: 13    Spells: 3/3 levels left

rFire   . . .      SeeInvis .   a - +1 dagger {short}
rCold   . . .      Faith    .   (no shield)
rNeg    . . .      Spirit   .   b - +0 robe
rPois   .          Reflect  .   e - +0 helmet
rElec   .          Harm     .   (no cloak)
rCorr   .          Rampage  .   (no gloves)
Will    .....                   (no boots)
Stlth   ++........              (no amulet)
HPRegen 0.00/turn               (no ring)
MPRegen 0.08/turn               (no ring)

@: invisible
A: damage resistance, heal wounds, sense surroundings 1, no regeneration
a: Heal Wounds, Renounce Religion


You were on level 4 of the Dungeon.
You worshipped Ru.
Ru was noncommittal.
You visited 2 branches of the dungeon, and saw 5 of its levels.

You collected 11 gold pieces.


Innate Abilities, Weirdness & Mutations

You are resistant to damage.
You can heal yourself by infusing magical energy.
You passively map a small area around you.
You do not regenerate.


   Skills:
 - Level 0.8 Short Blades
 - Level 2.1 Dodging
 + Level 3.8 Stealth
 - Level 1.7 Spellcasting
 - Level 2.4 Hexes


You had 3 spell levels left.
You didn't know any spells.
Your spell library contained the following spells:

 Spells                   Type           Power      Damage    Failure   Level
 Ensorcelled Hibernation  Hex/Ice        8%         N/A       22%         2
 Confusing Touch          Hex            8%         N/A       26%         3
 Tukima's Dance           Hex            8%         N/A       26%         3
 Dazzling Flash           Conj/Hex       8%         N/A       38%         3

Inventory:

Hand Weapons
 a - a +1 dagger (weapon) {short}
Missiles
 d - 23 stones {throwing}
Armour
 b - a +0 robe (worn)
 e - a +0 helmet (worn)
   (You found it on level 1 of the Dungeon)
Potions
 c - a potion of invisibility

Dungeon Overview and Level Annotations

Branches:
Dungeon (4/15)             Temple (1/1) D:4

Altars:
Gozag
Hepliaklqana
Nemelex Xobeh
Okawaru
Ru
Uskayaw
Xom

#........<# , #. ##.
#.........# , #..#..
........##.# .#
#..#..####.######.# .##
......####.#### #.# ..#
, ,
........<#....###.###..+
* , .........
#[.......... ,,
,**#.h..# #.#.#.#.#.#. *
, #..@.# ##........... ,
##...###..#.......#. ,
#............l.....
##.......#...>...#.
#...O.....).......
#.......#.......#. , ,
#................. , , ,
######..#.#.#.#.#. ,
#............


You could see a black bear (can't see you) and an ogre (can't see you).


Message History

The slug dart misses you.
A kobold comes into view. It is wielding a +0 club.
The helpless kobold fails to defend itself.
You puncture the kobold!
You kill the kobold!
Found a stone staircase leading down.
There is a stone staircase leading down here.
You climb downwards.
There is a stone staircase leading up here.
Unknown command.
The helpless goblin fails to defend itself.
You puncture the goblin!
You kill the goblin!
There is a stone staircase leading up here.
A gnoll comes into view. It is wielding a +0 whip.
An orc comes into view. It is wielding a +0 short sword.
An orc comes into view. It is wielding a +0 dagger.
You open the door.
There is an open door here.
An adder comes into view.
f - a scroll labelled KADUTU KUTAINE
As you read the scroll labelled KADUTU KUTAINE, it crumbles to dust.
You feel aware of your surroundings.
It was a scroll of magic mapping.
You open the door.
A worm comes into view.
There is an open door here.
You hit the worm. The worm closely misses you.
You hit the worm. You hit the worm. The worm misses you.
You barely miss the worm. The worm bites you. 😕 HP[-2]
You take 2 damage, and now have 13/15 hp.
You open the door.
There is an open door here.
You close the door.
f - a yellow potion
Found a stone staircase leading down.
You now have 11 gold pieces.
The gnoll shouts!
You hear a shout! x2
You don't know any spells.
Okay, then.
A gnoll comes into view. It is wielding a +0 flail.
A gnoll comes into view. It is wielding a +0 halberd.
The gnoll barely misses you.
You hit the gnoll but do no damage. The gnoll closely misses you.
You hit the gnoll.
The gnoll hits you with a +0 whip. 😮 HP[-2]
You take 2 damage, and now have 11/15 hp.
The gnoll attacks as you move away! The gnoll closely misses you.
There is a stone staircase leading up here.
Found a stone staircase leading down.
A quokka comes into view.
There is a stone staircase leading down here.
You climb downwards.
There is a stone staircase leading up here.
Unknown command.
An iguana comes into view.
The iguana hisses angrily.
Found a staircase to the Ecumenical Temple.
An ogre comes into view. It is wielding a +0 giant spiked club.
There is a staircase to the Ecumenical Temple here.
You climb downwards.
Welcome to the Ecumenical Temple!
There is a staircase back to the Dungeon here.
Unknown command.
Found a sparkling altar of Nemelex Xobeh.
Found an iron altar of Okawaru.
Found an opulent altar of Gozag.
Found a sacrificial altar of Ru.
Found a hazy altar of Hepliaklqana.
Found a shimmering altar of Xom.
There is a sacrificial altar of Ru here.
You kneel at the altar of Ru.
Ru welcomes you!
Found a hide-covered altar of Uskayaw.
There is a staircase back to the Dungeon here.
You aren't carrying any scrolls.
It was a potion of attraction.
You feel attractive to monsters.
Okay, then.
You start waiting.
You feel less attractive to monsters.
Done waiting.
You fade into invisibility!
You can't go down here!
You climb upwards.
Welcome back to the Dungeon!
The iguana bites you!
Ouch! That really hurt!
* * * LOW HITPOINT WARNING * * *
There is a staircase to the Ecumenical Temple here. 😱 HP[-9]
You take 9 damage, and now have 2/15 hp.
MASSIVE DAMAGE!! (PAUSE)
The iguana hisses angrily.
A black bear comes into view.
Found a stone staircase leading up.
The helpless black bear fails to defend itself.
You puncture the black bear! The black bear barely misses you.
The black bear claws you.
* * * LOW HITPOINT WARNING * * *
The black bear claws you.
You die...

Action                   || total
-------------------------++-------
Melee: Dagger            ||     9
  Use: Potion            ||     2
       Scroll            ||     1
 Stab: Sleeping          ||     3
Dodge: Dodged            ||     8

Levels and vault maps discovered:
D:1:      dpeg_arrival_snail, layout_basic, hellmonk_ecumenical_altar_run_dry
D:2:      layout_loops_ring
D:3:      layout_loops_corners
D:4:      layout_basic, minmay_temple_entry_glass
Temple:   mainiacjoe_temple_circle_huts

Notes
Turn   | Place    | Note
-------+----------+-------------------------------------------
     0 | D:1      | spaghetti the Deep Dwarf Enchanter began the quest for the
                  | Orb.
     0 | D:1      | Reached XP level 1. HP: 15/15 MP: 3/3
     0 | D:1      | magus.rc [v1.9.6]
   264 | D:4      | Noticed an iguana
   273 | D:4      | Found a staircase to the Ecumenical Temple.
   278 | D:4      | Noticed an ogre
   282 | Temple   | Entered the Ecumenical Temple
   359 | Temple   | Became a worshipper of Ru the Awakened
   485 | D:4      | HP: 2/15 [iguana (9)]
   492 | D:4      | Noticed a black bear
   500 | D:4      | HP: 1/15 [black bear (1)]
   500 | D:4      | Slain by a black bear

Vanquished Creatures
  A goblin (D:3)
  A kobold (D:2)
2 creatures vanquished.

Table legend:
 A = Non-vault XP
 B = Vault XP
 C = Vault XP percentage of total XP
 D = Non-vault monster count
 E = Vault monster count
 F = Vault count percentage of total count
                 A         B        C        D         E       F
            +---------+---------+-------+---------+---------+-------
      Total |       3 |       0 |   0.0 |       2 |       0 |   0.0
            +---------+---------+-------+---------+---------+-------
        D:2 |       1 |       0 |   0.0 |       1 |       0 |   0.0
        D:3 |       2 |       0 |   0.0 |       1 |       0 |   0.0
            +---------+---------+-------+---------+---------+-------

Illustrated notes

Table legend:
 A = Kills in this place as a percentage of kills in entire the game.
 B = Kills by you in this place as a percentage of kills by you in the entire game.
 C = Kills by friends in this place as a percentage of kills by friends in the entire game.
 D = Other kills in this place as a percentage of other kills in the entire game.
 E = Experience gained in this place as a percentage of experience gained in the entire game.
 F = Experience gained in this place divided by the number of levels of this place that you have seen.
                   A       B       C       D       E      F
               +-------+-------+-------+-------+-------+----------------------
         Total | 100.0 | 100.0 |   N/A |   N/A | 100.0 |   0.6
       Dungeon | 100.0 | 100.0 |   N/A |   N/A | 100.0 |   0.8
               +-------+-------+-------+-------+-------+----------------------

Table legend: (Time is in decaauts)
 A = Elapsed time spent in this place.
 B = Non-inter-level travel time spent in this place.
 C = Inter-level travel time spent in this place.
 D = Time resting spent in this place.
 E = Time spent auto-exploring this place.
 F = Levels seen in this place.
 G = Mean time per level.
                   A        B        C        D        E       F      G
               +--------+--------+--------+--------+--------+-----+--------+
         Total |    499 |    492 |      7 |    100 |    164 |   5 |   99.8 |
       Dungeon |    296 |    296 |      0 |      0 |    116 |   4 |   74.0 |
        Temple |    202 |    195 |      7 |    100 |     48 |   1 |  202.0 |
               +--------+--------+--------+--------+--------+-----+--------+

Top non-repeatable levels by time:
  Temple: 202 daAuts
     D:3: 145 daAuts
     D:1: 84 daAuts
     D:4: 36 daAuts
     D:2: 30 daAuts
